AoeStats
← Clueless Clown

Team Islands

503159498Analyzed
2v2 RM · 1mo ago on Aug 30, 2026· 57m 4s· 4 players
Game mode
Random Map
Map size
185×185
Population
200
Speed
Normal
Resources
Standard
Victory
Conquest
Starting age
Dark Age
Ending age
Imperial Age
RankedLock teamsTeams togetherTeam positionsShared explorationLock speedFull tech treeHidden civsTurbo modeCheats
Victory
Defeat
🇺🇸 Vikings · United States
1041
+14
🇦🇷 Spanish · Argentina
1033
+14
🇩🇪 Khmer · Germany
994
-14
🇩🇪 Inca · Germany
985
-14
Cełine
11:40 Feudal Age
12:56 Double-Bit Axe
13:20 Champi Runner
15:37 Forging
15:28 Scale Mail Armor
15:18 Fishing Lines
25:05 Castle Age
27:22 Wheelbarrow
26:18 Champi Warrior
28:56 Bow Saw
28:27 Horse Collar
28:41 Stone Mining
28:44 Gold Mining
29:21 Champi Warrior
31:20 Squires
31:53 Hand Cart
36:03 Imperial Age
34:11 Heavy Plow
35:25 Andean Sling
36:02 Arson
35:54 Elite Skirmisher
36:40 Thumb Ring
36:32 Fletching
36:42 Padded Archer Armor
37:18 Iron Casting
36:59 Chain Mail Armor
37:36 Elite Champi Warrior
38:35 Bodkin Arrow
41:02 Conscription
40:46 Fabric Shields
41:35 Leather Archer Armor
41:20 Bracer
44:25 Conscription
44:45 Ring Archer Armor
45:16 Blast Furnace
44:46 Plate Mail Armor
44:54 Demolition Ship
45:45 Medium Warships
53:00 Ballistics
53:42 Chemistry
53:02 Shipwright
52:54 Clinker Construction
52:55 Careening
Lachsnacken
4:03 Loom
13:37 Feudal Age
15:28 Gold Mining
15:28 Double-Bit Axe
18:27 Castle Age
20:10 Fletching
20:25 Padded Archer Armor
23:22 Bow Saw
23:03 Horse Collar
29:27 Wheelbarrow
28:37 Town Watch
29:11 Bloodlines
29:02 Husbandry
29:30 Heavy Plow
34:40 Imperial Age
33:30 Bodkin Arrow
33:50 Leather Archer Armor
33:36 Scale Mail Armor
33:41 Scale Barding Armor
33:47 Forging
34:53 Ballistics
35:29 Stone Mining
36:15 Gold Shaft Mining
36:44 Bracer
37:07 Chain Barding Armor
37:04 Chain Mail Armor
37:20 Ring Archer Armor
37:28 Light Cavalry
39:26 Hand Cart
39:12 Town Patrol
40:00 Crop Rotation
39:21 Hussar
40:41 Iron Casting
40:42 Plate Barding Armor
40:45 Caravan
41:16 Coinage
42:39 Demolition Ship
43:29 Medium Warships
44:49 Double Crossbow
45:10 Conscription
49:55 Chemistry
49:01 Siege Engineers
49:09 Masonry
48:31 Heavy Scorpion
49:55 Demolition Ship
50:48 Medium Warships
50:22 Elite Cannon Galleon
52:57 Murder Holes
53:14 Careening
53:15 Clinker Construction
53:11 Siphons
52:58 Heated Shot
53:01 Guard Tower
53:42 Architecture
54:16 Blast Furnace
Clueless Clown
9:48 Loom
11:55 Feudal Age
13:24 Double-Bit Axe
13:33 Gold Mining
16:17 Castle Age
14:09 Fletching
17:02 Bodkin Arrow
18:16 Medium Warships
21:49 Horse Collar
23:07 Ballistics
24:53 Man-at-Arms
25:19 Gambesons
27:22 Scale Mail Armor
29:55 Imperial Age
27:54 Careening
28:45 Clinker Construction
28:42 Siphons
31:10 Siege Engineers
32:09 Chemistry
31:10 Bracer
30:37 Elite Longship
31:55 Heavy Warships
32:08 Town Watch
32:09 Loom
32:24 Stone Mining
32:46 Elite Cannon Galleon
34:31 Dry Dock
34:32 Carvel Hull
34:02 Fishing Lines
35:45 Siege Engineers
36:21 Gillnets
37:29 Chain Mail Armor
38:11 Conscription
37:13 Elite Berserk
37:22 Long Swordsman
38:03 Squires
37:48 Arson
38:43 Plate Mail Armor
38:24 Forging
38:57 Town Patrol
39:04 Two-Handed Swordsman
39:04 Pikeman
40:28 Elite Berserk
41:11 Bogsveigar
41:47 Chieftains
43:03 Iron Casting
43:18 Treadmill Crane
43:34 Murder Holes
43:50 Masonry
44:46 Capped Ram
46:40 Blast Furnace
48:30 Architecture
47:55 Heated Shot
47:51 Arrowslits
47:57 Guard Tower
48:18 Fortified Wall
48:40 Padded Archer Armor
54:12 Hoardings
53:06 Crossbowman
54:03 Leather Archer Armor
53:47 Arbalester
56:36 Ring Archer Armor
死毛子才是好毛子
3:13 Loom
10:59 Feudal Age
14:05 Double-Bit Axe
17:36 Castle Age
15:47 Stone Mining
16:36 Horse Collar
19:12 Bow Saw
19:34 Gold Mining
20:08 Fishing Lines
21:47 Gillnets
22:18 Heavy Plow
23:37 Wheelbarrow
27:35 Hand Cart
31:30 Imperial Age
28:47 Town Watch
29:39 Murder Holes
29:56 Masonry
29:59 Fletching
30:10 Padded Archer Armor
32:23 Medium Warships
32:46 Conscription
33:31 Chemistry
33:58 Heavy Warships
33:40 Elite Cannon Galleon
35:45 Supremacy
38:02 Two-Man Saw
36:59 Elite Conquistador
38:02 Leather Archer Armor
37:42 Bodkin Arrow
37:54 Scale Barding Armor
37:59 Forging
39:53 Ring Archer Armor
39:24 Bracer
41:04 Bloodlines
40:56 Husbandry
41:20 Chain Barding Armor
41:36 Iron Casting
42:22 Town Patrol
45:18 Cavalier
46:36 Plate Barding Armor
47:01 Blast Furnace
46:24 Paladin
50:54 Guilds
Connection lost

Rejoining the realm…

Still unreachable

The connection could not be restored.

Session expired

The server has moved on; the page needs a fresh start.